 Dungeon Crawl Stone Soup version 0.31-a0-210-gccc998df9b (webtiles) character file.

Game seed: 3747033662124807032

222 qw the Chopper (level 5, -5/32 HPs)
             Began as a Gargoyle Fighter on June 29, 2023.
             Slain by an ogre
             ... wielding a +0 giant club
              (12 damage)
             ... on level 4 of the Dungeon.
             The game lasted 00:01:41 (3070 turns).

qw the Chopper (Gargoyle Fighter)                   Turns: 3070, Time: 00:01:41

Health: -5/32      AC: 10    Str: 22    XL:     5   Next: 99%
Magic:  5/5        EV:  9    Int:  8    God:
Gold:   218        SH:  4    Dex:  9    Spells: 4/4 levels left

rFire   . . .        Y - +0 war axe
rCold   . . .        c - +0 buckler
rNeg    + . .        b - +0 scale mail
rPois   inf          (no helmet)
rElec   +            l - scarf {repulsion}
rCorr   .            (no gloves)
SInv    .            (no boots)
Will    .....        (no amulet) Stlth
                     (no ring)
HPRegen 0.25/turn    (no ring)
MPRegen 0.09/turn

%: repel missiles
@: no status effects
A: sickness immunity, AC +4, negative energy resistance 1, electricity
resistance, torment resistance 1, petrification resistance
a: no special abilities


You were on level 4 of the Dungeon.
You visited 1 branch of the dungeon, and saw 4 of its levels.

You collected 218 gold pieces.


Innate Abilities, Weirdness & Mutations

You are immune to sickness and miasma.
Your stone body is resilient. (AC +4)
You are immune to poison.
You resist negative energy. (rN+)
You are resistant to electric shocks. (rElec)
You are resistant to unholy torment.
You are immune to petrification.


   Skills:
 + Level 3.4 Fighting
 - Level 5.4 Axes
 - Level 3.2 Armour
 - Level 3.2 Shields


You had 4 spell levels left.
You didn't know any spells.
Your spell library was empty.

Inventory:

Hand Weapons
 h - a +0 mace
 j - the +4 hand axe of Zoach {flame, Fragile rC+++ Str+4 SInv}
   (You found it on level 3 of the Dungeon)

   Str:       It affects your strength (+4).
   rC:        It renders you almost immune to cold.
   SInv:      It lets you see invisible.
   Fragile:   It will be destroyed if unequipped.
 Y - a +0 war axe (weapon)
Armour
 b - a +0 scale mail (worn)
 c - a +0 buckler (worn)
 l - a scarf of repulsion (worn)
Jewellery
 g - an amulet of faith
Scrolls
 a - a scroll of identify
Potions
 d - 2 potions of might
 e - a potion of resistance
 f - a potion of attraction
 m - a potion of cancellation {unknown}

Dungeon Overview and Level Annotations

Branches:
Dungeon (4/15)
 Temple: D:4-7

Altars:
Vehumet
The Shining One


Message History

Enter note: You slash the worm!
The worm is severely wounded.
You slash the worm!
You kill the worm!
An orc comes into view. It is wielding a +0 short sword.
The orc shouts!
A goblin comes into view. It is wielding a +0 club.
The orc moves out of view.
Enter note:
Enter note:
Enter note:
3061 ||| Stepping ~*~*~tactically~*~*~ (stealth).
An ogre comes into view. It is wielding a +0 giant club.
The ogre shouts!
You slash the ogre!
The ogre is moderately wounded.
The ogre closely misses you.
You barely miss the ogre.
The ogre is moderately wounded.
The ogre hits you with a +0 giant club!!
Ouch! That really hurt!
3067 ||| DRINKING potion of heal wounds.
You feel much better. The orc hits you but does no damage.
You barely miss the ogre.
The ogre is moderately wounded.
You closely miss the orc. The orc barely misses you.
The ogre hits you with a +0 giant club!
You barely miss the ogre.
The ogre is moderately wounded.
You slash the orc! The orc barely misses you.
The ogre hits you with a +0 giant club!
Ouch! That really hurt!
The orc barely misses you.
You hit the orc.
You kill the orc!
You barely miss the ogre. The ogre hits you with a +0 giant club!
You die...

#.....# #####...#.#
## #..........
...####.####.##.#
...........#.##.#
..###.....#..##.#
#....###%##.# #...##
##.#.#########
#...@###%##..........
#.#)O.#.....<########
........#..%####.#
g.#####.##.## #.#
#.##.# #.# ...#.# #.#
.#.... ..# #. .#.#
### .. ..[


You could see an ogre.

Vanquished Creatures
  A black bear (D:4)
  A hound (D:4)
  An adder (D:4)
  2 worms
  A dart slug (D:1)
  An orc (D:4)
  11 ball pythons
  11 bats
  7 endoplasms
  4 giant cockroaches
  7 goblins
  12 hobgoblins
  2 quokkas (D:1)
  4 frilled lizards
  9 kobolds
  7 rats
81 creatures vanquished.

Notes
Turn   | Place    | Note
-------+----------+-------------------------------------------
     0 | D:1      | qw the Gargoyle Fighter began the quest for the Orb.
     0 | D:1      | Reached XP level 1. HP: 14/14 MP: 1/1
     0 | D:1      | 0 ||| qw: Version: 0.3-a-24-ga2abf7b
     0 | D:1      | 0 ||| qw: Game counter: 6889
     0 | D:1      | 0 ||| qw: Melee chars always use a shield: true
     0 | D:1      | 0 ||| qw: God list: Okawaru
     0 | D:1      | 0 ||| qw: Allow faded altars: false
     0 | D:1      | 0 ||| qw: Do Orc after clearing Dungeon:15 true
     0 | D:1      | 0 ||| qw: Do second Lair branch before Depths: true
     0 | D:1      | 0 ||| qw: Lair rune preference: random
     0 | D:1      | 0 ||| qw: Goals: Normal, Zot:1-4, Slime:5, God:TSO, Crypt,
                  | Tomb, Abyss, Pan, Hells, Win
     0 | D:1      | 0 ||| PLANNING D:1-11
    16 | D:1      | Reached skill level 2 in Axes
    54 | D:1      | 54 ||| Stepping ~*~*~tactically~*~*~ (stealth).
    88 | D:1      | 88 ||| Stepping ~*~*~tactically~*~*~ (hiding).
    89 | D:1      | 89 ||| Stepping ~*~*~tactically~*~*~ (hiding).
   112 | D:1      | Reached XP level 2. HP: 19/19 MP: 2/2
   128 | D:1      | Found a faded altar of an unknown god.
   178 | D:1      | 178 ||| Stepping ~*~*~tactically~*~*~ (stealth).
   216 | D:1      | 216 ||| FLEEEEING.
   217 | D:1      | 217 ||| FLEEEEING.
   218 | D:1      | 218 ||| FLEEEEING.
   219 | D:1      | 219 ||| FLEEEEING.
   220 | D:1      | 220 ||| FLEEEEING.
   221 | D:1      | 221 ||| FLEEEEING.
   222 | D:1      | 222 ||| FLEEEEING.
   223 | D:1      | 223 ||| FLEEEEING.
   224 | D:1      | 224 ||| FLEEEEING.
   225 | D:1      | 225 ||| FLEEEEING.
   226 | D:1      | 226 ||| FLEEEEING.
   227 | D:1      | 227 ||| FLEEEEING.
   228 | D:1      | 228 ||| FLEEEEING.
   229 | D:1      | 229 ||| FLEEEEING.
   230 | D:1      | 230 ||| FLEEEEING.
   254 | D:1      | 254 ||| Stepping ~*~*~tactically~*~*~ (stealth).
   255 | D:1      | 255 ||| Stepping ~*~*~tactically~*~*~ (stealth).
   412 | D:1      | Reached skill level 3 in Axes
   443 | D:1      | Reached XP level 3. HP: 23/23 MP: 3/3
   980 | D:1      | 980 ||| Stepping ~*~*~tactically~*~*~ (stealth).
   993 | D:1      | 993 ||| DROPPING orb of wrath.
   994 | D:1      | 994 ||| READING 4 scrolls labelled RASOEF OMUEGOIPH.
   995 | D:1      | 995 ||| READING scroll labelled JYMYAS RUIHOMYKI.
   996 | D:1      | 996 ||| READING scroll labelled WIOTWU RYTOIN.
   997 | D:1      | 997 ||| READING scroll labelled KETZUH VUXTUOTUNE.
  1015 | D:1      | 1015 ||| READING scroll labelled EZIDUJI CORA.
  1016 | D:1      | 1016 ||| READING 3 scrolls of identify.
  1016 | D:1      | 1016 ||| IDENTIFYING metallic white potion
  1017 | D:1      | 1017 ||| READING 2 scrolls of identify.
  1017 | D:1      | 1017 ||| IDENTIFYING black potion
  1112 | D:2      | 1112 ||| DROPPING +0 whip.
  1213 | D:2      | 1213 ||| Stepping ~*~*~tactically~*~*~ (hiding).
  1395 | D:2      | 1395 ||| Stepping ~*~*~tactically~*~*~ (hiding).
  1410 | D:2      | Reached XP level 4. HP: 28/28 MP: 4/4
  1638 | D:2      | 1638 ||| Stepping ~*~*~tactically~*~*~ (stealth).
  1639 | D:2      | 1639 ||| Stepping ~*~*~tactically~*~*~ (stealth).
  1898 | D:2      | 1898 ||| READING scroll labelled POCAXT XIJOISCH.
  1901 | D:2      | 1901 ||| READING scroll labelled LEAGRO GILUBE.
  1902 | D:2      | 1902 ||| READING 2 scrolls of identify.
  1902 | D:2      | 1902 ||| IDENTIFYING ruby potion
  1903 | D:2      | 1903 ||| DROPPING potion of degeneration.
  1985 | D:3      | Reached skill level 4 in Axes
  2092 | D:3      | Identified the +4 hand axe of Zoach {flame, Fragile rC+++
                  | Str+4 SInv}
  2154 | D:3      | Found a glowing golden altar of the Shining One.
  2379 | D:3      | Found a radiant altar of Vehumet.
  2564 | D:3      | 2564 ||| Stepping ~*~*~tactically~*~*~ (stealth).
  2641 | D:3      | 2641 ||| UPGRADING to scarf of repulsion.
  2646 | D:3      | 2646 ||| READING scroll labelled MATEOQUVEV.
  2747 | D:3      | 2747 ||| READING scroll labelled QIMON MAGE.
  2748 | D:3      | 2748 ||| READING 3 scrolls labelled KUSTRY URGHETILY.
  2749 | D:3      | 2749 ||| READING 2 scrolls of identify.
  2749 | D:3      | 2749 ||| IDENTIFYING green potion
  2750 | D:3      | 2750 ||| DROPPING 2 scrolls of fog.
  2806 | D:4      | 2806 ||| Stepping ~*~*~tactically~*~*~ (stealth).
  2820 | D:4      | Reached XP level 5. HP: 28/32 MP: 5/5
  2918 | D:4      | Noticed a black bear
  2930 | D:4      | Killed a black bear
  2931 | D:4      | Reached skill level 5 in Axes
  3018 | D:4      | 3018 ||| Stepping ~*~*~tactically~*~*~ (stealth).
  3019 | D:4      | 3019 ||| Stepping ~*~*~tactically~*~*~ (stealth).
  3061 | D:4      | 3061 ||| Stepping ~*~*~tactically~*~*~ (stealth).
  3061 | D:4      | Noticed an ogre
  3066 | D:4      | HP: 6/32 [ogre/+0 giant club (26)]
  3067 | D:4      | 3067 ||| DRINKING potion of heal wounds.
  3070 | D:4      | Slain by an ogre

Levels and vault maps discovered:
D:1:      dpeg_arrival_central, layout_loops_ring,
          dreamdust_ecumenical_altar_statues, minmay_close_crescents
D:2:      layout_loops_ring, serial_forest, infiniplex_forest_straight_1,
          infiniplex_forest_zigzag_1, infiniplex_forest_corner_1,
          infiniplex_forest_clump_tiny, infiniplex_forest_clump_long,
          infiniplex_forest_clump_double, infiniplex_forest_corner_2,
          infiniplex_forest_corner_1, infiniplex_forest_corner_2,
          lexackson_kobold_supper
D:3:      layout_basic, vehumet_altar_wand_db, nicolae_tso_swordbearing_angel
D:4:      layout_loops_ring, lemuel_crystal_altar, overflow_temple_1_default

Skill      XL: |  1  2  3  4  5 |
---------------+----------------+-----
Axes           | 2 3 4 5 |  5.4
Fighting       | |  3.4
Armour         | |  3.2
Shields        | |  3.2

Action                     |  1- 3 |  4- 6 || total
---------------------------+-------+-------++-------
  Melee: War axe           |   140 |   136 ||   276
    Use: Scroll            |     7 |     7 ||    14
         Potion            |       |     1 ||     1
 Armour: Scale mail        |    71 |    61 ||   132
  Dodge: Dodged            |    79 |    62 ||   141
  Block: Buckler           |    33 |    18 ||    51

Table legend:
 A = Non-vault XP
 B = Vault XP
 C = Vault XP percentage of total XP
 D = Non-vault monster count
 E = Vault monster count
 F = Vault count percentage of total count
                 A         B        C        D         E       F
            +---------+---------+-------+---------+---------+-------
      Total |     301 |      20 |   6.2 |      67 |      14 |  17.3
            +---------+---------+-------+---------+---------+-------
        D:1 |      53 |       7 |  11.7 |      27 |       5 |  15.6
        D:2 |      27 |      11 |  28.9 |      17 |       8 |  32.0
        D:3 |      20 |       2 |   9.1 |      11 |       1 |   8.3
        D:4 |     201 |       0 |   0.0 |      12 |       0 |   0.0
            +---------+---------+-------+---------+---------+-------
